Unix NetHack Version 3.7.0-53 Work-in-progress - last build Apr 18 2022 03:42:42 (02b85442fffe0e2954e411e09df771b56fe27bbc,branch:master). Game began 2022-04-26 14:08:09, ended 2022-04-26 14:13:46. Arasaka, neutral male gnomish Healer ---- |..-- |....- --- |.....| .--|..---.--- |.....--- -..--.....e..| |.......--------.........f.@B. |...---..........--.....--.*.. --.--- ----..-----.|....----.| ---- |..-- ---- . .-- --- |...---.-.-- |<.........| -----......| ----...| |...-- --...| |..-- |..| |.-- --- Arasaka the Rhizotomist St:13 Dx:10 Co:14 In:7 Wi:15 Ch:16 Neutral Dlvl:5 $:1713 HP:0(12) Pw:5(5) AC:8 Xp:1/3 T:1360 Latest messages: You hear some noises. You hear some noises in the distance. You hear some noises. You hear some noises in the distance. You descend the stairs. What do you want to write with? [- afr or ?*] You engrave in the floor with a diamond ring. You finish engraving. There is a branch staircase up to the Dungeons of Doom here. Something is engraved here on the floor. You read: "Elbereth". You are beginning to feel weak. What do you want to eat? [jmp or ?*] This fortune cookie is delicious! You only feel hungry now. This cookie has a scrap of paper inside. It reads: They say that a purple worm is not a baby purple dragon. What do you want to eat? [jm or ?*] This food really hits the spot! You finish eating the food ration. You see here 2 candles. s - 2 candles. You hear some noises in the distance. What do you want to use or apply? [cf-is or ?*] Your candles' flames burn brightly! The iguana bites! You hear crashing rock. You hear crashing rock. Behemoth misses the giant rat. You hear some noises. You hear some noises in the distance. You hear some noises. You hit the iguana. The iguana bites! The iguana bites! You hear some noises. You hear some noises in the distance. t - a food ration. Behemoth picks up a blue gem. Behemoth bites the floating eye. Behemoth is frozen by the floating eye's gaze! What do you want to eat? [jt or ?*] Core dumped. You see here a rock. A trap door in the ceiling opens and a rock falls on your head! A giant bat suddenly appears close by! You stop waiting. The giant bat bites! You die... Major events: Turn 1: Arasaka the neutral male gnomish Healer entered the dungeon 870: entered the Gnomish Mines 1360: killed by a giant bat Inventory: Coins ('$') $ - 1713 gold pieces Weapons (')') a - an uncursed +0 scalpel (weapon in hand) Armor ('[') q - an uncursed +0 helm of brilliance b - an uncursed +1 pair of leather gloves (being worn) Comestibles ('%') j - 6 uncursed apples t - an uncursed food ration Scrolls ('?') o - a blessed scroll of blank paper n - a blessed scroll of enchant armor k - an uncursed scroll of identify Spellbooks ('+') h - a blessed spellbook of extra healing g - a blessed spellbook of healing i - a blessed spellbook of stone to flesh Potions ('!') e - 4 uncursed potions of extra healing d - 4 uncursed potions of healing Rings ('=') r - an uncursed ring of polymorph control Wands ('/') f - an uncursed wand of sleep (0:4) Tools ('(') c - an uncursed stethoscope s - 2 uncursed partly used tallow candles (lit) Arasaka the Healer's attributes: Background: You were a Rhizotomist, a level 1 male gnomish Healer. You were neutral, nominally on a mission for Hermes who was opposed by Athena (lawful) and Poseidon (chaotic). You were in the Gnomish Mines, on level 5. You entered the dungeon 1360 turns ago. You had 3 experience points, 17 more were needed to attain level 2. Basics: You had 0 out of 12 hit points. You had all 5 energy points (spell power). Your armor class was 8. Your wallet contained 1713 zorkmids. Autopickup was on for '$"?' plus thrown, with exceptions. Final Characteristics: Your strength was 13 (limit:18/50). Your dexterity was 10 (limit:18). Your constitution was 14 (limit:18). Your intelligence was 7 (limit:19). Your wisdom was 15 (limit:18). Your charisma was 16 (limit:18). Final Status: You were not hungry. You were unencumbered. You were wielding a knife. You had basic skill with knife. Final Attributes: You were fervently aligned. You were poison resistant. You had infravision. You are dead. Miscellaneous: You disabled loading of bones levels. Total elapsed playing time was 5 minutes and 36 seconds. Vanquished creatures: an iguana an acid blob a hobbit 2 giant rats 2 gnomes 7 jackals a sewer rat 2 lichens 2 newts 19 creatures vanquished. No species were genocided or became extinct. Voluntary challenges: You were an atheist. You read items or engraved 5 times. You engraved Elbereth 3 times. You never genocided any monsters. You never polymorphed an object. You never changed form. You used no wishes. Achievement: You entered the Gnomish Mines. The Dungeons of Doom: levels 1 to 5 Level 1: "v" A fountain, a grave. Level 2: A grave. Level 3: Level 4: Stairs down to The Gnomish Mines. Level 5: The Gnomish Mines: Level 5: <- You were here. Final resting place for you, killed by a giant bat. Game over: ---------- / \ / REST \ / IN \ / PEACE \ / \ | Arasaka | | 1713 Au | | killed by a | | giant bat | | | | | | 2022 | *| * * * | * _________)/\\_//(\/(/\)/\//\/|_)_______ Goodbye Arasaka the Healer... You died in The Gnomish Mines on dungeon level 5 with 267 points, and 1713 pieces of gold, after 1360 moves. You were level 1 with a maximum of 12 hit points when you died.